 Dungeon Crawl Stone Soup version 0.17.1-3-g152610e (webtiles) character file.

37 inmateoo the Digger (level 3, -2/26 HPs)
             Began as a Ghoul Earth Elementalist on Mar 9, 2016.
             Slain by a gnoll
             ... wielding a +0 club
              (5 damage)
             ... on level 1 of the Dungeon.
             The game lasted 00:01:41 (748 turns).

inmateoo the Digger (Ghoul Earth Elementalist)       Turns: 748, Time: 00:01:41

Health: -2/26      AC:  3    Str: 12    XL:     3   Next: 39%
Magic:  4/4        EV: 12    Int: 10    God:
Gold:   24         SH:  0    Dex:  9    Spells: 1 memorised, 4 levels left

rFire  . . .     SeeInvis .       - Unarmed
rCold  + . .     Clarity  .     a - +0 robe
rNeg   + + +     SustAt   .     (no shield)
rPois  ∞         Gourm    .     k - +0 helmet
rElec  .         Spirit   .     (no cloak)
rCorr  .         Warding  .     (no gloves)
rMut   .         Stasis   .     (no boots)
MR     .....                    (no amulet)
Stlth  ++........               (no ring)
                                (no ring)

@: rotting, not resistant to hostile enchantments, unstealthy
A: rotting body, claws 1, carnivore 3, cold resistance 1, negative energy
resistance 3, slow regeneration 1, torment resistance, unbreathing
a: no special abilities


You were on level 1 of the Dungeon.
You were not hungry.

You visited 1 branch of the dungeon, and saw 2 of its levels.

You collected 24 gold pieces.

Inventory:

Missiles
 b - 68 stones (quivered)
Armour
 a - a +0 robe (worn)
 k - a +0 helmet (worn)
Scrolls
 h - 2 scrolls of teleportation {unknown}
 i - a scroll of identify {unknown}
 l - a scroll of enchant armour {unknown}
Potions
 e - a potion of flight {unknown}
 f - a potion of might {unknown}
 g - a potion of curing {unknown}
Books
 c - a book of Geomancy

   Spells                             Type                      Level
   a - Sandblast                      Earth                        1
   b - Stoneskin                      Transmutation/Earth          2
   c - Passwall                       Transmutation/Earth          3
   d - Stone Arrow                    Conjuration/Earth            3
   e - Petrify                        Transmutation/Earth          4
   f - Lee's Rapid Deconstruction     Earth                        5
Comestibles
 d - a meat ration
 j - a beef jerky


   Skills:
 - Level 1.7 Dodging
 - Level 2.1 Stealth
 * Level 3.2 Unarmed Combat
 - Level 1.7 Spellcasting
   Level 0.8 Transmutations
 - Level 3.2 Earth Magic


You had 4 spell levels left.
You knew the following spells:

 Your Spells              Type           Power        Failure   Level  Hunger
a - Sandblast             Erth           #.....       10%         1    ##.....


Dungeon Overview and Level Annotations

Branches:
Dungeon (2/15)

Altars:


Innate Abilities, Weirdness & Mutations

Your body is rotting away.
You thrive on raw meat.
You are immune to poison.
You have sharp fingernails.
You are carnivorous and can eat meat at any time.
Your flesh is cold resistant.
You are immune to negative energy.
You regenerate slowly when monsters are visible.
You are immune to unholy pain and torment.
You can survive without breathing.


Message History

You see here a spear.
Found a scroll labeled XEOWEO AVAJI.
f - an inky potion 2 gnolls come into view.
The gnoll shouts!
The gnoll moves out of view.
A gnoll comes into view. It is wielding a club.
A gnoll comes into view. It is wielding a spear.
The gnoll shouts! x2
You see here 18 stones.
The gnoll hits you with a club! The gnoll hits you with a club.
There is a stone staircase leading up here.
The gnoll completely misses you. The gnoll hits you with a club.
You climb upwards.
There is a stone staircase leading down here.
The gnoll hits you with a club.
* * * LOW HITPOINT WARNING * * *
The gnoll hits you with a club.
You die...

#.#.# ######..#. #...#
#..##..### ### ##..#
#.......##
##.#####.####.#...#...
#...##.....#..#.######
#..>##.....#.##.#
#...####.###....#
#..gg#####...####
#....@.......#########
#...####..............
#...# #......#########
##.## ##....## #. ###
###### ## #


You could see 2 gnolls.

Vanquished Creatures
  An adder (D:2)
  An ooze (D:1)
  6 bats (D:1)
  3 giant cockroaches (D:1)
  2 hobgoblins (D:1)
  A giant newt (D:1)
  A goblin (D:1)
  2 kobolds (D:1)
  8 rats (D:1)
25 creatures vanquished.

Notes
Turn   | Place    | Note
--------------------------------------------------------------
     0 | D:1      | inmateoo the Ghoul Earth Elementalist began the quest for the Orb.
     0 | D:1      | Reached XP level 1. HP: 14/14 MP: 2/2
   135 | D:1      | Reached skill level 1 in Unarmed Combat
   206 | D:1      | Reached XP level 2. HP: 20/20 MP: 0/3
   441 | D:1      | Reached XP level 3. HP: 20/26 MP: 4/4
   748 | D:1      | Slain by a gnoll

Action                   || total
-------------------------++-------
Melee: Unarmed           ||    86
 Cast: Sandblast         ||     4
 Stab: Sleeping          ||     2
  Eat: Chunk             ||    12
